 Dungeon Crawl Stone Soup version 0.31-a0-949-g57150269e1 (webtiles) character file.

Game seed: 17224013779027240730

22 skwerlee the Shield-Bearer (level 2, 0/27 HPs)
             Began as a Minotaur Fighter on Oct 22, 2023.
             Slain by Sigmund
             ... wielding a +3 scythe of flaming
              (2 damage)
             ... on level 2 of the Dungeon.
             The game lasted 00:00:43 (400 turns).

skwerlee the Shield-Bearer (Minotaur Fighter)        Turns: 400, Time: 00:00:43

Health: 0/27       AC:  7    Str: 20    XL:     2   Next: 68%
Magic:  1/1        EV:  8    Int:  5    God:
Gold:   6          SH:  8    Dex:  9    Spells: 1/1 levels left

rFire   . . .        a - +0 war axe
rCold   . . .        e - +0 kite shield
rNeg    . . .        b - +0 scale mail
rPois   .            (helmet restricted)
rElec   .            (no cloak)
rCorr   .            (no gloves)
SInv    .            (no boots)
Will    .....        (no amulet) Stlth
                     (no ring)
HPRegen 0.24/turn    (no ring)
MPRegen 0.07/turn

%: no passive effects
@: no status effects
A: horns 2, retaliatory headbutt
a: no special abilities


You were on level 2 of the Dungeon.
You visited 1 branch of the dungeon, and saw 2 of its levels.

You collected 6 gold pieces.

Inventory:

Hand Weapons
 a - a +0 war axe (weapon)
Armour
 b - a +0 scale mail (worn)
 c - a +0 buckler
 e - a +0 kite shield (worn)
Scrolls
 f - a scroll of revelation {unknown}
 g - a scroll of torment {unknown}
 h - a scroll of immolation {unknown}
 i - 2 scrolls of identify {unknown}
Potions
 d - a potion of might


   Skills:
 + Level 4.0 Fighting
 + Level 2.7 Axes
 + Level 4.0 Armour
 + Level 4.0 Shields


You had one spell level left.
You didn't know any spells.
Your spell library contained the following spells:

 Spells                   Type           Power      Damage    Failure   Level
 Poisonous Vapours        Pois/Air       0%         N/A       99%         2
 Mephitic Cloud           Conj/Pois/Air  0%         N/A       100%        3
 Freezing Cloud           Conj/Ice/Air   0%         6-21      100%        5


Dungeon Overview and Level Annotations

Branches:
Dungeon (2/15)

Altars:

Annotations:
D:2 Sigmund


Innate Abilities, Weirdness & Mutations

You have a pair of horns on your head.
You reflexively headbutt those who attack you in melee.


Message History

A rat comes into view.
Sigmund screams, "Die, monster!"
Things that are here:
a +0 dagger; a goblin corpse
There are monsters nearby!
Sigmund casts a spell at you.
You are confused.
Sigmund is nearby!
You are too confused!
Sigmund is nearby!
Sigmund is nearby!
You are too confused!
Sigmund is nearby!
You are too confused!
Sigmund is nearby!
You are too confused!
Sigmund is nearby!
You are too confused!
Sigmund is nearby!
You are too confused!
Sigmund is nearby!
You are too confused!
Sigmund is nearby!
You are too confused!
You are too confused!
You are too confused!
Sigmund closely misses you.
Sigmund hits you from afar with a +3 scythe of flaming.
Sigmund burns you.
Sigmund mumbles some strange words.
Sigmund flickers and vanishes!
Deactivating autopickup; reactivate with Ctrl-A.
Something hits you! Something burns you.
You're too confused to move!
You feel less confused. You block the rat's attack. Something hits you!
* * * LOW HITPOINT WARNING * * *
Something burns you.
You die...

#..# ####..# #.....#
#.....## #. #......
##... #.#.. ....# #
#...##...#..
#.#######r.{>.....
..........@.♣.####
...........♣.♣
.......)...♣.♣♣#######
........♣.#♣ .♣......#
###.###.♣♣# .♣......#
. # #♣.♣ .♣......# .#
♣.♣♣♣♣.♣......###..#
♣..♣♣..♣..........#
♣♣♣.♣.♣#.......#


You could see a rat.

Vanquished Creatures
  A dart slug (D:1)
  2 bats (D:1)
  2 endoplasms (D:1)
  2 giant cockroaches
  2 goblins (D:2)
  4 hobgoblins
  A quokka (D:1)
  2 frilled lizards (D:1)
  A rat (D:1)
17 creatures vanquished.

Notes
Turn   | Place    | Note
-------+----------+-------------------------------------------
     0 | D:1      | skwerlee the Minotaur Fighter began the quest for the Orb.
     0 | D:1      | Reached XP level 1. HP: 19/19 MP: 0/0
    31 | D:1      | Reached XP level 2. HP: 21/27 MP: 1/1
   368 | D:2      | Found a faded altar of an unknown god.
   389 | D:2      | Noticed Sigmund
   400 | D:2      | Slain by Sigmund

Illustrated notes

Levels and vault maps discovered:
D:1:      erik_arrival_orb_chamber, layout_rooms
D:2:      layout_basic, shapermc_ecumenical_altar_totnotflames, hex_large,
          uniq_sigmund

Skill      XL: |  1  2 |
---------------+-------+-----
Shields        | 4 |  4.0
Fighting       | 4 |  4.0
Armour         | 4 |  4.0
Axes           | |  2.7

Action                     || total
---------------------------++-------
  Melee: War axe           ||    34
         Headbutt          ||     3
 Armour: Scale mail        ||    23
  Dodge: Dodged            ||    16
  Block: Buckler           ||     6
         Kite shield       ||     6

Table legend: (Time is in decaauts)
 A = Elapsed time spent in this place.
 B = Non-inter-level travel time spent in this place.
 C = Inter-level travel time spent in this place.
 D = Time resting spent in this place.
 E = Time spent auto-exploring this place.
 F = Levels seen in this place.
 G = Mean time per level.
                   A        B        C        D        E       F      G
               +--------+--------+--------+--------+--------+-----+--------+
         Total |    415 |    395 |     20 |      0 |    274 |   2 |  207.5 |
       Dungeon |    415 |    395 |     20 |      0 |    274 |   2 |  207.5 |
               +--------+--------+--------+--------+--------+-----+--------+

Top non-repeatable levels by time:
     D:1: 352 daAuts
     D:2: 63 daAuts
